 Dungeon Crawl Stone Soup version 0.19-a0-1920-g83281cb (webtiles) character file.

1431 Leszczynek the Basher (level 8, 0/83 HPs)
             Began as an Ogre Warper on Oct 23, 2016.
             Slain by Joseph
             ... wielding a +0 quarterstaff
              (6 damage)
             ... on level 7 of the Dungeon.
             The game lasted 00:14:47 (2967 turns).

Leszczynek the Basher (Ogre Warper)                 Turns: 2967, Time: 00:14:48

Health: 0/83       AC:  3    Str: 17    XL:     8   Next: 73%
Magic:  20/20      EV: 12    Int: 12    God:
Gold:   143        SH:  2    Dex: 14    Spells: 2 memorised, 6 levels left

rFire  + + .     SeeInvis .     a - +6 whip "Runalo" {venom, rF+ Dex+7}
rCold  . . .     Gourm    .     b - +0 robe
rNeg   + . .     Faith    .     (no shield)
rPois  .         Spirit   .     (helmet restricted)
rElec  .         Reflect  +     (no cloak)
rCorr  .         Harm     .     (gloves unavailable)
MR     .....                    (boots unavailable)
Stlth  ++........               u - amulet "Ushusi Anaut" {Reflect rN+ MP+9 Dex-4 SH+2 Stlth+}
                                g - +6 ring of slaying
                                l - ring of protection from fire

@: flying
A: unfitting armour, tough skin 1
a: no special abilities


You were on level 7 of the Dungeon.
You were not hungry.

You visited 1 branch of the dungeon, and saw 9 of its levels.

You collected 143 gold pieces.

Inventory:

Hand Weapons
 a - the +6 whip "Runalo" (weapon) {venom, rF+ Dex+7}
   (You found it on level 6 of the Dungeon)

   It poisons the flesh of those it strikes.
   It affects your dexterity (+7).
   It protects you from fire.
 n - a +0 mace
 w - a +0 flail
Missiles
 e - 5 tomahawks of dispersal
 j - 7 tomahawks (quivered)
 y - a throwing net
Armour
 b - a +0 robe (worn)
Jewellery
 g - a +6 ring of slaying (right hand)
 l - a ring of protection from fire (left hand)
 u - the amulet "Ushusi Anaut" (around neck) {Reflect rN+ MP+9 Dex-4 SH+2 Stlth+}
   (You found it on level 9 of the Dungeon)

   [amulet of reflection]

   It shields you and reflects attacks.
   It affects your dexterity (-4).
   It protects you from negative energy.
   It affects your magic capacity (+9).
   It affects your SH (+2).
   It makes you more stealthy.
Wands
 x - a wand of flame (20/48)
Scrolls
 f - a scroll of blinking
 h - 2 scrolls of teleportation
 i - a scroll of enchant weapon {unknown}
 k - a scroll of magic mapping {unknown}
 o - a scroll of enchant armour {unknown}
 p - a scroll of fear {unknown}
Potions
 m - a potion of resistance
 v - a potion of haste {unknown}
Books
 c - a book of Spatial Translocations

   Spells                             Type                      Level
   a - Blink                          Translocation                2
   b - Shroud of Golubria             Charms/Translocation         2
   c - Lesser Beckoning               Translocation                3
   d - Portal Projectile              Translocation                3
   e - Teleport Other                 Translocation                3
   f - Passage of Golubria            Translocation                4
Comestibles
 d - 4 bread rations


   Skills:
 + Level 6.1 Fighting
 * Level 11.2 Maces & Flails
 - Level 1.0 Throwing
 + Level 4.4 Dodging
 - Level 2.4 Spellcasting
 - Level 2.1 Translocations


You had 6 spell levels left.
You knew the following spells:

 Your Spells              Type           Power        Failure   Level  Hunger
a - Blink                 Tloc           N/A          17%         2    ###....
b - Lesser Beckoning      Tloc           #.........   34%         3    ####...


Dungeon Overview and Level Annotations

Branches:
Dungeon (9/15)
 Temple: D:4-7         Lair: D:8-11         Orc: D:9-12

Altars:
Qazlal
Uskayaw
Vehumet

Annotations:
D:3 Graouh's ghost, amateur MiFi
D:7 Joseph


Innate Abilities, Weirdness & Mutations

You are too large for most types of armour.
You have tough skin. (AC +1)


Message History

Joseph wields an uncursed quarterstaff.
Joseph hits you with an uncursed quarterstaff.
Unknown command.
It was a potion of resistance.
You feel protected.
It was a potion of brilliance.
You feel clever all of a sudden.
Joseph hits you with an uncursed quarterstaff!
* * * LOW HITPOINT WARNING * * *
It was a potion of cancellation.
Your magical effects are unravelling.
You feel magically purged.
You feel a little less clever now.
Your resistance to elements expires.
Joseph hits you with an uncursed quarterstaff!
* * * LOW HITPOINT WARNING * * *
It was a potion of flight.
You feel very buoyant.
You fly up into the air.
Joseph hits you with an uncursed quarterstaff.
You die...

#........#.#####...........
....
#.#.##..##.#...............
....
#.#.##..##.#...............
..$.
#.#.##..##.#####...........
.... ....##.
#................. z..z
.... ..# ######...........
... ....##..## #.(.........
.. ....#.... #(########.. .
#...#...#### #@# ..
#...#......# #@#
#...#......# #.#
#[..#......# #.#
#...<......# #.#
...........# #.#
#.#..##....#...... #
#..............#
#.#.#.#######


You could see Joseph.

Vanquished Creatures
  Prince Ribbit (D:8)
  A hungry ghost (D:7)
  An ice beast (D:9)
  A black bear (D:9)
  2 orc warriors
  2 wolves (D:8)
  A centaur (D:7)
  A bullfrog (D:6)
  2 orc priests (D:6)
  4 orc wizards
  A gnoll shaman (D:5)
  2 iguanas (D:7)
  Robin (D:3)
  4 gnolls
  6 adders
  A shadow imp (D:6)
  3 white imps (D:8)
  An ooze (D:2)
  An adder skeleton (D:9)
  A worm (D:3)
  A dart slug (D:1)
  20 orcs
  3 giant cockroaches
  11 goblins (D:3)
  4 hobgoblins
  5 jackals
  4 kobolds
  4 quokkas
  A ball python (D:6)
  2 bats
  A frilled lizard (D:1)
  A leopard gecko zombie (D:7)
  4 rats
98 creatures vanquished.

Notes
Turn   | Place    | Note
-------+----------+-------------------------------------------
     0 | D:1      | Leszczynek the Ogre Warper began the quest for the Orb.
     0 | D:1      | Reached XP level 1. HP: 22/22 MP: 3/3
    36 | D:1      | Reached skill level 3 in Maces & Flails
    94 | D:1      | Reached XP level 2. HP: 24/29 MP: 5/5
   148 | D:2      | HP: 1/29 [worm (6)]
   434 | D:2      | Reached skill level 4 in Maces & Flails
   462 | D:2      | Learned a level 2 spell: Blink
   469 | D:2      | Reached XP level 3. HP: 30/36 MP: 6/6
   515 | D:2      | Reached skill level 5 in Maces & Flails
   841 | D:3      | Found a stormy altar of Qazlal.
   891 | D:3      | Reached XP level 4. HP: 44/44 MP: 7/7
   907 | D:3      | Noticed Graouh's ghost (amateur MiFi)
   994 | D:3      | Noticed Robin
  1003 | D:3      | Killed Robin
  1003 | D:3      | Reached skill level 6 in Maces & Flails
  1207 | D:3      | Found a hide-covered altar of Uskayaw.
  1315 | D:3      | Reached XP level 5. HP: 27/50 MP: 8/8
  1590 | D:5      | Entered Level 5 of the Dungeon
  1593 | D:5      | Reached skill level 7 in Maces & Flails
  1801 | D:6      | Noticed an orc warrior
  1834 | D:6      | Got an ancient whip
  1835 | D:6      | Identified the +6 whip "Runalo" {venom, rF+ Dex+7} (You found it on level 6 of the Dungeon)
  1911 | D:6      | Learned a level 3 spell: Lesser Beckoning
  1921 | D:6      | Reached skill level 8 in Maces & Flails
  1921 | D:6      | Reached XP level 6. HP: 51/59 MP: 9/9
  1936 | D:6      | Found a radiant altar of Vehumet.
  1963 | D:6      | Reached skill level 3 in Fighting
  1978 | D:7      | Noticed Joseph
  2018 | D:8      | chased all the way down to d:8
  2018 | D:8      | great chances for survival!
  2037 | D:8      | Noticed an orc warrior
  2057 | D:8      | Killed an orc warrior
  2063 | D:8      | Reached XP level 7. HP: 35/67 MP: 10/10
  2142 | D:8      | Noticed a yak
  2261 | D:9      | Reached skill level 4 in Fighting
  2261 | D:9      | Reached skill level 9 in Maces & Flails
  2261 | D:9      | Reached skill level 3 in Dodging
  2273 | D:9      | Got a sparkling ruby amulet
  2279 | D:8      | Identified the amulet "Ushusi Anaut" {Reflect rN+ MP+9 Dex-4 SH+2 Stlth+} (You found it on level 9 of the Dungeon)
  2347 | D:8      | Noticed Prince Ribbit
  2363 | D:8      | Killed Prince Ribbit
  2363 | D:8      | Reached skill level 5 in Fighting
  2363 | D:8      | Reached skill level 10 in Maces & Flails
  2363 | D:8      | Reached XP level 8. HP: 51/80 MP: 11/11
  2614 | D:7      | Noticed a hippogriff
  2681 | D:7      | Reached skill level 4 in Dodging
  2893 | D:6      | Reached skill level 11 in Maces & Flails
  2935 | D:7      | Reached skill level 6 in Fighting
  2966 | D:7      | HP: 6/83 [Joseph/uncursed quarterstaff (10)]
  2967 | D:7      | Slain by Joseph

Vault maps used:
D:1:      roderic_crop_circles_arrival_large
D:3:      overflow_temple_1_default, eat_drink_and_be_merry_uskayaw,
          uniq_sigmund, uniq_terence, uniq_robin
D:4:      minmay_misc_feat_room, nemelex_spade_bored_becter, uniq_duvessa,
          uniq_natasha
D:5:      kennysheep_mini_moat, serial_shops, shop, first_bread
D:6:      nicolae_benzene_ring, kennysheep_flooded_box, minmay_checkerbox
D:7:      uniq_joseph
D:8:      serial_ice, serial_ice_l, serial_ice_b, serial_ice_m, serial_ice_e,
          serial_ice_o, serial_ice_g, serial_ice_f, serial_ice_d,
          hangedman_pestilent_swarm, uniq_pikel, uniq_prince_ribbit1
D:9:      minitemple, david_orc_4, serial_shops, shop, st_stairs_13

Skill      XL: |  1  2  3  4  5  6  7  8 |
---------------+-------------------------+-----
Maces & Flails | 3 4 5 6 8 10 11 | 11.2
Fighting       | 3 5 6 |  6.1
Dodging        | 3 4 |  4.4
Throwing       | |  1.0
Spellcasting   | |  2.4
Translocations | |  2.1

Action                   |  1- 3 |  4- 6 |  7- 9 || total
-------------------------+-------+-------+-------++-------
Melee: Mace              |    82 |       |       ||    82
       Flail             |    10 |    68 |       ||    78
       Whip              |       |    44 |    88 ||   132
Throw: Tomahawk          |       |       |     4 ||     4
Evoke: Wand              |       |       |     2 ||     2
  Use: Potion            |       |     2 |     4 ||     6
       Scroll            |       |     1 |       ||     1
 Stab: Sleeping          |     1 |       |     2 ||     3
       Distracted        |       |       |     1 ||     1
  Eat: Chunk             |     1 |     3 |     1 ||     5
       Fruit             |       |     2 |       ||     2
       Royal jelly       |       |       |     1 ||     1
       Bread ration      |       |       |     1 ||     1
Armor: Robe              |    24 |    19 |     9 ||    52
Dodge: Dodged            |    64 |    54 |    26 ||   144
Block: Other             |       |       |     1 ||     1
